 Dungeon Crawl Stone Soup version 0.31-a0-164-g2312942fda (webtiles) character file.

Game seed: 17385942953963873585

6 Moral the Sneak (level 1, 9/9 HPs)
             Began as a Vine Stalker Enchanter on June 14, 2023.
             Quit the game on level 1 of the Dungeon.
             The game lasted 00:01:54 (197 turns).

Moral the Sneak (Vine Stalker Enchanter)             Turns: 197, Time: 00:01:55

Health: 9/9        AC:  2    Str: 10    XL:     1   Next: 90%
Magic:  4/4        EV: 12    Int: 15    God:
Gold:   8          SH:  0    Dex: 14    Spells: 4/4 levels left

rFire   . . .        a - +1 dagger
rCold   . . .        (no shield)
rNeg    . . .        b - +0 robe
rPois   .            (no helmet)
rElec   .            (no cloak)
rCorr   .            (no gloves)
SInv    .            (no boots)
Will    .....        (no amulet)
Stlth   ++           (no ring)
HPRegen 0.21/turn    (no ring)
MPRegen 0.09/turn

%: guardian spirit
@: no status effects
A: fangs 2, magic shield, antimagic bite, no potion heal 2
a: no special abilities


You were on level 1 of the Dungeon.
You visited 1 branch of the dungeon, and saw 1 of its levels.

You collected 8 gold pieces.

Inventory:

Hand Weapons
 a - a +1 dagger (weapon)
Armour
 b - a +0 robe (worn)
Potions
 c - 2 potions of invisibility


   Skills:
 + Level 1.0 Short Blades
 + Level 1.6 Dodging
 + Level 3.7 Stealth
 + Level 2.3 Spellcasting
 + Level 3.0 Hexes


You had 4 spell levels left.
You didn't know any spells.
Your spell library contained the following spells:

 Spells                   Type           Power      Damage    Failure   Level
 Ensorcelled Hibernation  Hex/Ice        12%        N/A       17%         2
 Confusing Touch          Hex            11%        N/A       19%         3
 Tukima's Dance           Hex            11%        N/A       19%         3
 Dazzling Flash           Conj/Hex       12%        N/A       34%         3


Dungeon Overview and Level Annotations

Branches:
Dungeon (1/15)

Altars:


Innate Abilities, Weirdness & Mutations

You have extremely sharp teeth.
When hurt, damage is shared between your health and your magic reserves.
Your bite disrupts and absorbs the magic of your enemies.
Potions cannot restore your health.


Message History

You hit the rat. Your bite misses the rat.
The rat is moderately wounded.
The rat bites you but does no damage.
You barely miss the rat.
The rat is moderately wounded.
The rat barely misses you.
You closely miss the rat.
The rat is moderately wounded.
The rat misses you.
You hit the rat.
You kill the rat!
Your Short Blades skill increases to level 1!
You open the door.
There is an open door here.
A bat comes into view.
The helpless bat fails to defend itself.
You impale the bat!!
You kill the bat!
You see here a bat corpse.
An endoplasm comes into view.
The endoplasm quivers.
The endoplasm hits you.
You hit the endoplasm.
The endoplasm is lightly wounded.
The endoplasm closely misses you.
You hit the endoplasm but do no damage. You bite the endoplasm.
You drain its power.
The endoplasm is heavily wounded.
The endoplasm hits you.
You completely miss the endoplasm. You bite the endoplasm.
You kill the endoplasm!
HP restored.
A kobold comes into view.
It is wielding a +1 short sword of freezing.
A kobold is nearby!
The helpless kobold fails to defend itself.
You puncture the kobold!
You kill the kobold!
Things that are here:
a +1 short sword of freezing; a kobold corpse Are you sure you want to abandon this character and quit the game? (Confirm with "yes".)

#.# #... ## ##'# #...
... ##... #..# #.#
##.... ## #..# ...#
###.....
..##..##...#.##......
............+......
#.#.#...##.#......
#@......##.##.....
###.##.###.###....
##.##.###.####...
#.........#......
#..##.##..#.###.#
#..##.##..#.###.#
#...............#
#.######.##.##...
#.######.##.#....


There were no monsters in sight!

Vanquished Creatures
  An endoplasm (D:1)
  A kobold (D:1)
  A quokka (D:1)
  A bat (D:1)
  2 rats (D:1)
6 creatures vanquished.

Notes
Turn   | Place    | Note
-------+----------+-------------------------------------------
     0 | D:1      | Moral the Vine Stalker Enchanter began the quest for the
                  | Orb.
     0 | D:1      | Reached XP level 1. HP: 9/9 MP: 4/4
   113 | D:1      | Reached skill level 1 in Short Blades
   197 | D:1      | Quit the game

Illustrated notes

Levels and vault maps discovered:
D:1:      psy_arrival_dodecagon, layout_loops_corners, minmay_misc_feat_cross

Skill      XL: |  1 |
---------------+----+-----
Short Blades   | 1 |  1.0
Dodging        | |  1.6
Stealth        | |  3.7
Spellcasting   | |  2.3
Hexes          | |  3.0

Action                     || total
---------------------------++-------
  Melee: Dagger            ||    12
         Bite              ||     2
   Stab: Sleeping          ||     2
 Armour: Robe              ||     2
  Dodge: Dodged            ||     4

Table legend: (Time is in decaauts)
 A = Elapsed time spent in this place.
 B = Non-inter-level travel time spent in this place.
 C = Inter-level travel time spent in this place.
 D = Time resting spent in this place.
 E = Time spent auto-exploring this place.
 F = Levels seen in this place.
 G = Mean time per level.
                   A        B        C        D        E       F      G
               +--------+--------+--------+--------+--------+-----+--------+
         Total |    196 |    196 |      0 |      0 |     16 |   1 |  196.0 |
       Dungeon |    196 |    196 |      0 |      0 |     16 |   1 |  196.0 |
               +--------+--------+--------+--------+--------+-----+--------+

Top non-repeatable levels by time:
     D:1: 196 daAuts
